 Dungeon Crawl Stone Soup version 0.20.0-15-g7f486f2 (webtiles) character file.

571 M47ryx the Chopper (level 7, -10/54 HPs)
             Began as a Minotaur Berserker on June 19, 2017.
             Was a Priest of Trog.
             Killed from afar by Dowan (17 damage)
             ... with a stone arrow
             ... on level 5 of the Dungeon.
             The game lasted 00:26:12 (4027 turns).

M47ryx the Chopper (Minotaur Berserker)             Turns: 4027, Time: 00:26:13

Health: -10/54     AC: 14    Str: 23    XL:     7   Next: 12%
Magic:  6/6        EV: 13    Int:  7    God:    Trog [***...]
Gold:   186        SH:  0    Dex: 14    Spells: 6/6 levels left

rFire    . . .     SeeInvis .   a - +1 hand axe
rCold    . . .     Gourm    .   (no shield)
rNeg     . . .     Faith    .   u - +0 plate armour
rPois    .         Spirit   .   (helmet restricted)
rElec    .         Reflect  .   (no cloak)
rCorr    .         Harm     .   j - +1 pair of gloves
MR       +....     Clarity  +   (no boots)
Stlth    ..........             (no amulet)
Regen    0.2/turn               m - ring of protection from magic
MPRegen  0.1/turn               (no ring)

@: agile
A: retaliatory headbutt, horns 2, talons 1, clarity, clever 1, frail 1,
evolution 1
a: Berserk, Trog's Hand, Burn Spellbooks, Renounce Religion


You were on level 5 of the Dungeon.
You worshipped Trog.
Trog was most pleased with you.
You were not hungry.

You visited 2 branches of the dungeon, and saw 6 of its levels.

You collected 186 gold pieces.

Inventory:

Hand Weapons
 a - a +1 hand axe (weapon)
 f - a +0 short sword of draining
Missiles
 g - 11 poisoned needles
Armour
 j - a +1 pair of gloves (worn)
 u - a +0 plate armour (worn)
Jewellery
 m - a ring of protection from magic (left hand)
Scrolls
 i - a scroll of magic mapping
 p - a scroll of enchant weapon
Potions
 b - a potion of heal wounds {unknown}
 d - a potion of degeneration
 l - 2 potions of invisibility {unknown}
 n - a potion of resistance {unknown}
 q - a potion of haste
 r - 2 potions of curing {unknown}
 s - a potion of might {unknown}
 t - a potion of cancellation {unknown}
Comestibles
 c - a bread ration
 k - a meat ration
 o - 2 royal jellies
 v - 2 fruits


   Skills:
 + Level 5.4 Fighting
 * Level 7.0 Axes
 + Level 4.7 Armour
 - Level 3.5 Dodging
 - Level 1.0 Stealth


You had 6 spell levels left.
You didn't know any spells.

Dungeon Overview and Level Annotations

Branches:
Dungeon (5/15)             Temple (1/1) D:4

Altars:
Ashenzari
Cheibriados
Dithmenos
Elyvilon
Gozag
Hepliaklqana
Makhleb
Nemelex Xobeh
Qazlal
Ru
Sif Muna
Uskayaw
Vehumet
Xom
The Shining One

Annotations:
D:5 Dowan


Innate Abilities, Weirdness & Mutations

You reflexively headbutt those who attack you in melee.
You have a pair of horns on your head.
You have sharp toenails.
You possess an exceptional clarity of mind.
Your mind is acute. (Int +2)
You are frail. (-10% HP)
You evolve.


Message History

You closely miss Dowan. Your kick misses Dowan.
Dowan is moderately wounded.
Dowan gestures wildly while chanting.
Dowan blinks!
Dowan mumbles some strange words.
Dowan blinks!
As you read the scroll of magic mapping, it crumbles to dust.
You feel aware of your surroundings.
You sensed 1 altar.
As you read the scroll of identify, it crumbles to dust.
q - a potion of haste Dowan casts a spell.
Dowan blinks!
You're too hungry.
You eat one of the 2 bread rations.
That bread ration really hit the spot!
You hit Dowan but do no damage. Your kick misses Dowan.
Your headbutt misses Dowan.
Dowan is moderately wounded.
Dowan points at you and mumbles some strange words.
The stone arrow hits you!
You die...

#.....####,,,,,,,,,,,,,
#........,,,,**,***,,**
#...#..#**,,.#*,***,,*
*#..#..###....,,,,,,,**
#.).....(....,,,,,,,,,
#.#<#.###.##*******,**
#,#.#.# *,* *,* *,#.#e#
*,* *,* *,#.#@# *,* *,*
*,#.#ยง# *,* *,**
**,#.#.# *,****** *,,,
*,,..#.#**,,,,,,* ***,
*,,.....,******,* *,
*,,,,#.#,* *,* *,
****,..#,* *,* *,
*,.##,* *,* *,
*****,.**,* **,******,


You could see Dowan.

Vanquished Creatures
  Duvessa (D:5)
  A sky beast (D:4)
  An orc priest (D:3)
  Crazy Yiuf (D:2)
  An iguana (D:5)
  5 worker ants (D:4)
  6 adders
  An ooze (D:1)
  4 worms
  3 dart slugs
  A leopard gecko (D:4)
  14 orcs
  2 bats
  5 giant cockroaches
  7 goblins
  4 hobgoblins
  12 jackals
  4 quokkas
  A ball python (D:3)
  A ball python skeleton (D:4)
  3 frilled lizards
  12 kobolds
  A leopard gecko skeleton (D:4)
  7 rats
98 creatures vanquished.

Notes
Turn   | Place    | Note
-------+----------+-------------------------------------------
     0 | D:1      | M47ryx the Minotaur Berserker began the quest for the Orb.
     0 | D:1      | Reached XP level 1. HP: 19/19 MP: 0/0
   190 | D:1      | Reached XP level 2. HP: 25/27 MP: 1/1
   328 | D:1      | Reached skill level 4 in Axes
   940 | D:2      | Reached XP level 3. HP: 33/33 MP: 2/2
   946 | D:2      | Reached ** piety under Trog
  1086 | D:2      | Found a shattered altar of Ashenzari.
  1368 | D:2      | Reached XP level 4. HP: 37/40 MP: 3/3
  1387 | D:2      | Found a runed door.
  1659 | D:2      | Noticed Crazy Yiuf
  1664 | D:2      | Killed Crazy Yiuf
  1886 | D:2      | Found a snail-covered altar of Cheibriados.
  2041 | D:3      | Reached skill level 5 in Axes
  2134 | D:3      | Reached XP level 5. HP: 28/47 MP: 4/4
  2565 | D:4      | Noticed a sky beast
  2575 | D:4      | Killed a sky beast
  2575 | D:4      | Reached skill level 1 in Stealth
  2579 | D:4      | Gained mutation: Your system is resistant to poisons. (rPois) [mutagenic meat]
  2580 | D:4      | Gained mutation: You possess an exceptional clarity of mind. [mutagenic meat]
  2581 | D:4      | Gained mutation: Your mind is acute. (Int +2) [mutagenic meat]
  2582 | D:4      | Gained mutation: You are frail. (-10% HP) [mutagenic meat]
  2583 | D:4      | Gained mutation: You evolve. [mutagenic meat]
  2597 | D:4      | Reached XP level 6. HP: 43/49 MP: 5/5
  2632 | D:4      | Found a white marble altar of Elyvilon.
  2733 | D:4      | Found a staircase to the Ecumenical Temple.
  2809 | D:4      | Lost mutation: Your system is resistant to poisons. (rPois) [evolution]
  2868 | D:4      | Reached *** piety under Trog
  3034 | D:4      | Reached skill level 6 in Axes
  3043 | D:4      | Got a distressingly furry scale mail
  3044 | D:4      | Identified the cursed +0 scale mail of the Tundras {*Drain Int+4 Slay+3} (You found it on level 4 of the Dungeon)
  3074 | D:4      | Reached skill level 5 in Fighting
  3764 | D:4      | Gained mutation: You have sharp toenails. [evolution]
  3878 | Temple   | Entered the Ecumenical Temple
  3992 | D:5      | Entered Level 5 of the Dungeon
  3992 | D:5      | Noticed Duvessa
  3992 | D:5      | Noticed Dowan
  3998 | D:5      | Killed Duvessa
  3998 | D:5      | Reached XP level 7. HP: 54/54 MP: 6/6
  4004 | D:5      | Reached skill level 7 in Axes
  4027 | D:5      | Killed from afar by Dowan

Skill      XL: |  1  2  3  4  5  6  7 |
---------------+----------------------+-----
Fighting       | 4 5 |  5.4
Axes           | 4 5 6 7 |  7.0
Armour         | 3 4 |  4.7
Dodging        | 3 |  3.5
Stealth        | 1 |  1.0

Action                   |  1- 3 |  4- 6 |  7- 9 || total
-------------------------+-------+-------+-------++-------
Melee: Hand axe          |    98 |   157 |    17 ||   272
       Headbutt          |    18 |    29 |     4 ||    51
       Kick              |       |     5 |     5 ||    10
  Use: Scroll            |     3 |     5 |     2 ||    10
       Potion            |       |       |     1 ||     1
  Eat: Chunk             |     2 |    11 |       ||    13
       Bread ration      |       |       |     1 ||     1
Armor: Animal skin       |     9 |       |       ||     9
       Leather armour    |     4 |       |       ||     4
       Ring mail         |    10 |       |       ||    10
       Chain mail        |    19 |    67 |       ||    86
       Plate armour      |       |     5 |    12 ||    17
Dodge: Dodged            |    48 |    75 |     8 ||   131
